AoeStats
← ToninMarvado

Arabia

510134626Analyzed
1v1 RM · 1d ago on Sep 29, 2026· 42m 16s· 2 players
Game mode
Random Map
Map size
Tiny (2 player)
Population
200
Speed
Normal
Resources
Standard
Victory
Conquest
Starting age
Dark Age
Ending age
Imperial Age
RankedLock teamsTeams togetherTeam positionsShared explorationLock speedFull tech treeHidden civsTurbo modeCheats
Victory
Defeat
🇧🇷 Varangians · Brazil
1211
+17
🇦🇷 Mongols · Argentina
1225
-17
ToninMarvado
6:33 Loom
9:37 Feudal Age
10:17 Double-Bit Axe
12:54 Bloodlines
16:14 Forging
17:07 Scale Barding Armor
19:07 Wheelbarrow
22:56 Castle Age
20:55 Horse Collar
21:36 Fletching
22:31 Gold Mining
23:19 Padded Archer Armor
22:59 Crossbowman
23:05 Light Cavalry
24:04 Husbandry
26:37 Heavy Plow
26:51 Bow Saw
26:44 Town Watch
28:51 Hand Cart
29:50 Iron Casting
37:04 Imperial Age
37:13 Cavalier
38:14 Leather Archer Armor
39:42 Chain Barding Armor
41:25 Blast Furnace
43:26 Two-Man Saw
TVHG.- TheCuervo
5:45 Loom
8:32 Feudal Age
9:55 Double-Bit Axe
12:10 Horse Collar
17:45 Forging
21:45 Castle Age
20:04 Scale Barding Armor
19:50 Gold Mining
20:39 Stone Mining
21:50 Bloodlines
23:35 Chain Barding Armor
23:28 Light Cavalry
28:42 Bow Saw
31:12 Iron Casting
32:40 Fletching
33:09 Husbandry
33:50 Wheelbarrow
33:02 Town Watch
34:47 Devotion
34:28 Pikeman
35:09 Bodkin Arrow
37:31 Scale Mail Armor
40:44 Imperial Age
39:07 Chain Mail Armor
42:27 Blast Furnace
41:58 Plate Mail Armor
41:08 Heavy Camel Rider
Connection lost

Rejoining the realm…

Still unreachable

The connection could not be restored.

Session expired

The server has moved on; the page needs a fresh start.